 Dungeon Crawl Stone Soup version 0.27.1-34-g3ba077fa99 (webtiles) character file.

Game seed: 7273347724646380040

0 Descartes the Grasshopper (level 1, 0/9 HPs)
             Began as a Felid Warper on Jan 17, 2022.
             Slain by a bat (1 damage)
             ... on level 1 of the Dungeon.
             The game lasted 00:00:13 (23 turns).

Descartes the Grasshopper (Felid Warper)              Turns: 23, Time: 00:00:14

Health: 0/9        AC:  1    Str:  7    XL:     1   Next: 8%
Magic:  4/4        EV: 17    Int: 14    God:
Gold:   0          SH:  0    Dex: 15    Spells: 4/4 levels left
                                        Lives:  0   Deaths: 0

rFire    . . .     SeeInvis +     - Unarmed
rCold    . . .     Faith    .   (shield unavailable)
rNeg     . . .     Spirit   .   (armour unavailable)
rPois    .         Reflect  .   (helmet unavailable)
rElec    .         Harm     .   (cloak unavailable)
rCorr    .         Rampage  .   (gloves unavailable)
Will     .....                  (boots unavailable)
Stlth    +.........             (no amulet)
HPRegen  0.03/turn              (no ring)
MPRegen  0.09/turn              (no ring)

@: quick
A: very small, claws 1, fangs 3, see invisible, speed 1, shaggy fur 1, stealthy
paws, no weapons or thrown items, no armour, multi-lived
a: no special abilities


You were on level 1 of the Dungeon.
You visited 1 branch of the dungeon, and saw 1 of its levels.

Inventory:

Scrolls
 a - a scroll of blinking


   Skills:
 - Level 2.0 Fighting
 + Level 3.2 Dodging
 + Level 0.1 Stealth
 + Level 2.0 Unarmed Combat
 - Level 2.0 Spellcasting
 + Level 4.4 Translocations


You had 4 spell levels left.
You didn't know any spells.
Your spell library contained the following spells:

 Spells                   Type           Power      Damage    Failure   Level
 Blink                    Tloc           N/A        N/A       6%          2
 Gell's Gravitas          Tloc           6%         N/A       12%         3
 Lesser Beckoning         Tloc           6%         N/A       12%         3
 Teleport Other           Tloc           13%        N/A       12%         3
 Manifold Assault         Tloc           13%        N/A       71%         5


Dungeon Overview and Level Annotations

Branches:
Dungeon (1/15)

Altars:


Innate Abilities, Weirdness & Mutations

You have sharp claws.
You have razor-sharp teeth.
You have supernaturally acute eyesight. (SInv)
You cover ground quickly. (Speed+)
You are covered in fur. (AC +1)
Your paws help you pounce on unaware monsters.
You are incapable of wielding weapons or throwing items.
You cannot wear armour.
You gain extra lives every three experience levels.


Message History

A bat and a rat come into view.
A quokka comes into view.
The bat hits you but does no damage.
There is an open door here.
You scratch the rat.
You kill the rat!
The bat hits you but does no damage. The bat barely misses you.
You miss the bat. The bat completely misses you. The bat misses you.
The bat completely misses you. The quokka misses you.
You scratch the quokka.
The quokka is moderately wounded.
The bat hits you. The quokka bites you.
You scratch the quokka but do no damage.
The quokka is moderately wounded.
The bat closely misses you. The quokka misses you.
You scratch the quokka but do no damage.
The quokka is moderately wounded.
The bat hits you but does no damage. The bat barely misses you.
The quokka misses you.
You miss the quokka.
The quokka is moderately wounded.
The bat hits you. The quokka bites you.
Ouch! That really hurt!
* * * LOW HITPOINT WARNING * * *
You are too injured to fight recklessly!
You are too injured to fight recklessly!
You are too injured to fight recklessly!
You are too injured to fight recklessly!
You are too injured to fight recklessly!
You are too injured to fight recklessly!
You are too injured to fight recklessly!
You are too injured to fight recklessly!
You are too injured to fight recklessly!
You are too injured to fight recklessly!
You are too injured to fight recklessly!
You are too injured to fight recklessly!
You are too injured to fight recklessly!
The bat closely misses you. The bat hits you.
You die...

#≈P8P≈P8P≈#....
#≈P.<.P≈# ...
#≈♣...P≈##..
♣8♣.P8P≈#.##
#≈♣...P≈##..
##≈#.#≈##[########
###.###..........
#......########
######@#####
#rb....# #......#
#......# #......#
#......# #......#
#......# #......#


You could see a quokka and a bat.

Vanquished Creatures
  A rat (D:1)
1 creature vanquished.

Notes
Turn   | Place    | Note
-------+----------+-------------------------------------------
     0 | D:1      | Descartes the Felid Warper began the quest for the Orb.
     0 | D:1      | Reached XP level 1. HP: 9/9 MP: 4/4
    23 | D:1      | Slain by a bat

Illustrated notes

Levels and vault maps discovered:
D:1:      ldierk_walled_garden_2, layout_basic

Action                   || total
-------------------------++-------
Melee: Unarmed           ||     6
Armor: Skin              ||     3
Dodge: Dodged            ||    10
